 Dungeon Crawl Stone Soup version 0.22-a0-458-gb446440 (console) character file.

3263 vegansnacktivist the Cleaver (level 9, -10/82 HPs)
             Began as a Deep Dwarf Fighter on June 9, 2018.
             Was a Priest of Makhleb.
             Mangled by a two-headed ogre
             ... wielding a +0 giant club
              (25 damage)
             ... on level 8 of the Dungeon.
             The game lasted 00:08:51 (5681 turns).

vegansnacktivist the Cleaver (Deep Dwarf Fighter)   Turns: 5681, Time: 00:08:51

Health: -10/82     AC: 10    Str: 23    XL:     9   Next: 68%
Magic:  7/7        EV: 12    Int:  9    God:    Makhleb [***...]
Gold:   338        SH: 11    Dex: 12    Spells: 8/8 levels left

rFire    . . .     SeeInvis .   a - +0 war axe
rCold    . . .     Gourm    .   c - +0 shield
rNeg     . . .     Faith    +   b - +0 scale mail
rPois    .         Spirit   .   (no helmet)
rElec    .         Reflect  .   (no cloak)
rCorr    .         Harm     .   r - +0 pair of gloves
MR       +....                  E - +0 pair of boots
Stlth    +.........             k - amulet of faith
HPRegen  0.00/turn              D - +4 ring of evasion
MPRegen  0.10/turn              F - ring of stealth

@: non-regenerating
A: damage resistance, heal wounds, sense surroundings 2, no regeneration
a: Heal Wounds, Minor Destruction, Lesser Servant of Makhleb, Renounce Religion


You were on level 8 of the Dungeon.
You worshipped Makhleb.
Makhleb was most pleased with you.
You were not hungry.

You visited 2 branches of the dungeon, and saw 9 of its levels.

You collected 338 gold pieces.

Inventory:

Hand Weapons
 a - a +0 war axe (weapon)
Armour
 b - a +0 scale mail (worn)
 c - a +0 shield (worn)
 r - a +0 pair of gloves (worn)
 E - a +0 pair of boots (worn)
Jewellery
 e - an uncursed ring of ice
 k - an amulet of faith (around neck)
 A - a +3 ring of intelligence
 D - a +4 ring of evasion (left hand)
 F - a ring of stealth (right hand)
Wands
 G - a wand of flame (38)
 H - a wand of disintegration (12)
Scrolls
 j - 3 scrolls of amnesia
 l - 3 scrolls of remove curse {unknown}
 m - 2 scrolls of enchant armour {unknown}
 o - 3 scrolls of teleportation {unknown}
 q - 2 scrolls of fog {unknown}
 u - a scroll of random uselessness {unknown}
 x - 2 scrolls of magic mapping {unknown}
 y - a scroll of enchant weapon {unknown}
 z - a scroll of immolation {unknown}
 B - a scroll of noise {unknown}
Potions
 d - a potion of might
 g - 3 potions of brilliance
 h - 2 potions of resistance
 i - 6 potions of curing
 n - 2 potions of cancellation
 p - 2 potions of mutation
 s - 4 potions of haste
 t - 5 potions of lignification
 v - 2 potions of heal wounds
 w - 2 potions of berserk rage
 C - a potion of degeneration {unknown}
Comestibles
 f - 12 rations


   Skills:
 + Level 6.2 Fighting
 * Level 9.7 Axes
 + Level 7.4 Armour
 + Level 0.5 Dodging
 + Level 7.4 Shields
 * Level 1.1 Invocations


You had 8 spell levels left.
You didn't know any spells.
Your spell library contained the following spells:

 Spells                   Type           Power        Failure   Level  Hunger
 Animate Dead             Necr           N/A          100%        4    #####..
 Pain                     Necr           #...         94%         1    ##.....
 Animate Skeleton         Necr           N/A          94%         1    ##.....
 Vampiric Draining        Necr           #.........   100%        3    ####...
 Regeneration             Chrm/Necr      #.........   100%        3    ####...
 Spider Form              Tmut/Pois      #.........   100%        3    ####...
 Blade Hands              Tmut           #.........   100%        5    ######.
 Ice Form                 Ice/Tmut       #.......     100%        4    #####..
 Sticks to Snakes         Tmut           #.......     98%         2    ###....
 Beastly Appendage        Tmut           #.....       94%         1    ##.....


Dungeon Overview and Level Annotations

Branches:
Dungeon (8/15)             Temple (1/1) D:4
   Lair: D:8-11

Altars:
Ashenzari
Cheibriados
Dithmenos
Elyvilon
Fedhas
Gozag
Hepliaklqana
Kikubaaqudgha
Makhleb
Nemelex Xobeh
Okawaru
Qazlal
Ru
Sif Muna
Trog
Uskayaw
Vehumet
Wu Jian
Xom
Yredelemnul
Zin
The Shining One

Annotations:
D:8 1 transporter, Marixus's ghost, novice GrFi


Innate Abilities, Weirdness & Mutations

You are resistant to damage.
You can heal yourself by infusing magical energy.
You passively map the area around you.
You do not regenerate.


Message History

You barely miss the two-headed ogre.
The two-headed ogre is heavily wounded.
You block the two-headed ogre's attack. x2
You hit the two-headed ogre.
The two-headed ogre is heavily wounded.
You block the two-headed ogre's attack.
The two-headed ogre hits you with a giant spiked club!!
* * * LOW HITPOINT WARNING * * *
Unknown command.
You feel much better.
You hit the two-headed ogre but do no damage.
The two-headed ogre is heavily wounded.
The two-headed ogre hits you with a giant club!
The two-headed ogre hits you with a giant spiked club!
* * * LOW HITPOINT WARNING * * *
You feel much better.
The two-headed ogre hits you with a giant club!!
* * * LOW HITPOINT WARNING * * *
The two-headed ogre hits you with a giant spiked club!!
You die...

, , * * * , , , , * * ** ,
,, , * * * *** * , * ,* * ,
* * ###### ,* , ,, , ,
...... * ,#. * * * ,* ##
########## * *,.., , , ..
..........
#.###########.####..........
#.#>.......@OF...'.......)).
#.#.###########.##.........)
, #.#.# .......<#.
#.#.########## ** ######..W.
#............. .........
###.##......#* #####....
####'##.)....# #....
#.....#......# #######
#.....#...(..# ######......


You could see a two-headed ogre and a bullfrog.

Vanquished Creatures
  The ghost of Tonbert the Firebug, a novice DEFE (D:4)
  Grinder (D:6)
  A wyvern (D:8)
  A water moccasin (D:6)
  A sky beast (D:6)
  An ice beast (D:6)
  4 necrophages (D:7)
  A phantom (D:6)
  3 ogres
  4 bullfrogs
  4 killer bees (D:7)
  A wight (D:7)
  A howler monkey (D:8)
  2 electric eels (D:3)
  A crimson imp (D:8)
  3 centaur zombies
  A centaur skeleton (D:7)
  2 hounds
  6 orc priests
  4 iguanas
  7 orc wizards
  Natasha (thrice) (D:4)
  5 worker ants
  A killer bee zombie (D:7)
  A hound zombie (D:7)
  A worker ant zombie (D:8)
  9 adders
  5 shadow imps
  An ooze (D:5)
  3 adder zombies (D:7)
  A dart slug (D:2)
  2 leopard geckos (D:4)
  28 orcs
  3 giant cockroaches
  3 goblins
  6 hobgoblins
  6 jackals
  7 kobolds
  4 quokkas
  A ball python (D:5)
  5 bats
  A frilled lizard (D:3)
  A giant cockroach zombie (D:5)
  A leopard gecko zombie (D:6)
  A quokka skeleton (D:4)
  3 rats
152 creatures vanquished.

Notes
Turn   | Place    | Note
-------+----------+-------------------------------------------
     0 | D:1      | vegansnacktivist the Deep Dwarf Fighter began the quest for the Orb.
     0 | D:1      | Reached XP level 1. HP: 20/20 MP: 1/1
   230 | D:2      | Reached XP level 2. HP: 24/27 MP: 2/2
   307 | D:3      | Noticed an electric eel
   310 | D:3      | Found a transporter.
   311 | D:3      | Noticed an electric eel
   312 | D:3      | Found a transporter.
   389 | D:3      | Reached skill level 3 in Axes
   391 | D:3      | Reached XP level 3. HP: 28/33 MP: 3/3
   479 | D:3      | Reached XP level 4. HP: 23/42 MP: 4/4
   488 | D:3      | Reached skill level 4 in Axes
   563 | D:3      | Found a deep blue altar of Sif Muna.
   577 | D:3      | Found a sacrificial altar of Ru.
   594 | D:3      | Reached XP level 5. HP: 48/49 MP: 5/5
   603 | D:3      | Found a burning altar of Makhleb.
   615 | D:3      | Became a worshipper of Makhleb the Destroyer
   626 | D:3      | Found a stormy altar of Qazlal.
   747 | D:3      | Found a snail-covered altar of Cheibriados.
   758 | D:3      | Found a basalt altar of Yredelemnul.
   766 | D:3      | Found an ancient bone altar of Kikubaaqudgha.
  1003 | D:2      | Found a sacrificial altar of Ru.
  1798 | D:4      | Found a staircase to the Ecumenical Temple.
  1893 | D:4      | Noticed Tonbert's ghost (novice DEFE)
  1903 | D:4      | Killed Tonbert's ghost
  1903 | D:4      | Reached skill level 5 in Axes
  1903 | D:4      | Reached XP level 6. HP: 32/57 MP: 6/6
  1911 | Temple   | Entered the Ecumenical Temple
  2072 | D:4      | Noticed Natasha
  2082 | D:4      | Killed Natasha
  2108 | D:4      | Noticed Natasha
  2118 | D:4      | Killed Natasha
  2118 | D:4      | Reached * piety under Makhleb
  2164 | D:4      | Reached XP level 7. HP: 31/64 MP: 7/7
  2212 | D:4      | Reached skill level 5 in Armour
  2212 | D:4      | Reached skill level 5 in Shields
  2608 | D:5      | Entered Level 5 of the Dungeon
  3164 | D:5      | Reached skill level 6 in Axes
  3359 | D:5      | Found a shadowy altar of Dithmenos.
  3647 | D:4      | Noticed Natasha
  3653 | D:4      | Killed Natasha
  3781 | D:6      | Reached XP level 8. HP: 53/73 MP: 7/7
  3782 | D:6      | Noticed Grinder
  3800 | D:6      | Killed Grinder
  3800 | D:6      | Reached skill level 7 in Axes
  3864 | D:6      | Reached skill level 5 in Fighting
  3934 | D:6      | Reached ** piety under Makhleb
  4044 | D:6      | Reached skill level 8 in Axes
  4325 | D:7      | Gained mutation: You passively map the area around you. [Deep Dwarf growth]
  4325 | D:7      | Reached XP level 9. HP: 66/81 MP: 7/7
  4505 | D:7      | Reached skill level 9 in Axes
  4920 | D:7      | Reached *** piety under Makhleb
  5273 | D:8      | Noticed Marixus's ghost (novice GrFi)
  5391 | D:8      | Found a transporter.
  5401 | D:8      | Found a blossoming altar of Fedhas.
  5425 | D:8      | Reached skill level 1 in Invocations
  5664 | D:8      | Noticed a two-headed ogre
  5681 | D:8      | Mangled by a two-headed ogre

Vault maps used:
D:1:      dpeg_arrival_pond, minmay_stone_trees_small, minmay_misc_feat_room
D:2:      nicolae_ru_sacrificial_ziggurat
D:3:      gammafunk_steamed_eel, minmay_overflow_temple_star_quad,
          nicolae_overflow_quartered_altars
D:4:      minmay_temple_entry_mist, first_ration, uniq_natasha
D:5:      grunt_dithmenos_shadows
D:6:      uniq_grinder
D:7:      serial_undead, serial_undead_b, serial_undead_a, serial_undead_e,
          serial_undead_b
D:8:      gammafunk_the_bubble, fedhas_altar_1, uniq_joseph
Temple:   jpeg_temple_clearing

Skill      XL: |  1  2  3  4  5  6  7  8  9 |
---------------+----------------------------+-----
Axes           | 3 4 5 6 8 9 |  9.7
Fighting       | 3 4 5 6 |  6.2
Armour         | 4 5 6 7 |  7.4
Shields        | 4 5 6 7 |  7.4
Invocations    | 1 |  1.1
Dodging        | |  0.5

Action                   |  1- 3 |  4- 6 |  7- 9 || total
-------------------------+-------+-------+-------++-------
Melee: War axe           |    67 |   136 |   412 ||   615
 Abil: Heal Wounds       |     2 |     3 |    15 ||    20
Evoke: Wand              |       |       |     5 ||     5
  Use: Potion            |       |     1 |       ||     1
       Scroll            |       |       |     9 ||     9
  Eat: Chunk             |       |     4 |    12 ||    16
Armor: Scale mail        |    38 |    73 |   138 ||   249
Dodge: Dodged            |    29 |    46 |   187 ||   262
Block: Shield            |    39 |    76 |   233 ||   348

Table legend:
 A = Spawn XP
 B = Non-spawn XP
 C = Spawn XP percentage of total XP
 D = Spawn monster count
 E = Non-spawn monster count
 F = Spawn count percentage of total count
 G = Total turns spent on level
                    A         B        C        D         E        F      G
               +---------+---------+-------+---------+---------+-------+---------
         Total |       0 |    4662 |   0.0 |       0 |     152 |   0.0 |  5681
               +---------+---------+-------+---------+---------+-------+---------
           D:1 |       0 |      18 |   0.0 |       0 |      11 |   0.0 |   607
           D:2 |       0 |      57 |   0.0 |       0 |      12 |   0.0 |   590
           D:3 |       0 |     292 |   0.0 |       0 |      26 |   0.0 |   729
           D:4 |       0 |     632 |   0.0 |       0 |      16 |   0.0 |   768
           D:5 |       0 |     190 |   0.0 |       0 |      12 |   0.0 |   925
           D:6 |       0 |    1186 |   0.0 |       0 |      19 |   0.0 |   492
           D:7 |       0 |    1750 |   0.0 |       0 |      39 |   0.0 |  1043
           D:8 |       0 |     537 |   0.0 |       0 |      17 |   0.0 |   419
               +---------+---------+-------+---------+---------+-------+---------
